 Dungeon Crawl Stone Soup version 0.31-a0-1204-ge2c1a860ed (webtiles) character file.

Game seed: 12991474580091894587

60 LeprechaunX the Changeling (level 4, -1/29 HPs)
             Began as an Octopode Shapeshifter on Dec 12, 2023.
             Was an Initiate of Ru.
             Slain by Grinder (5 damage)
             ... on level 3 of the Dungeon.
             The game lasted 00:01:58 (1340 turns).

LeprechaunX the Changeling (Octopode Shapeshifter)  Turns: 1340, Time: 00:01:58

Health: -1/29      AC:  1    Str: 13    XL:     4   Next: 4%
Magic:  4/4        EV: 13    Int: 12    God:    Ru [......]
Gold:   115        SH:  0    Dex: 13    Spells: 3/3 levels left

rFire   . .          .
                       - Unarmed
rCold   . . .        (no shield)
rNeg    . . .        (helmet currently unavailable)
rPois   .            (no amulet)
rElec   .            (no ring)
rCorr   .            (no ring)
SInv    .            (no ring)
Will    .....        (no ring)
Stlth   ++           (no ring)
HPRegen 0.24/turn    (no ring)
MPRegen 0.09/turn    (no ring)
                     (no ring)

%: no passive effects
@: beast-form
A: beast (slay +2), almost no armour, amphibious, 8 rings, camouflage 1,
gelatinous body 1, (nimble swimmer 1), tentacles
a: Begin Untransformation, Renounce Religion


You were on level 3 of the Dungeon.
You worshipped Ru.
Ru was noncommittal.
You were a hulking beast.
You visited 1 branch of the dungeon, and saw 3 of its levels.

You collected 115 gold pieces.

Inventory:

Hand Weapons
 a - a +0 sling
 d - a +0 orcbow
Missiles
 i - 3 datura-tipped darts (quivered)
Talismans
 b - a beast talisman
 c - a flux talisman
Wands
 q - a wand of roots (11)
 t - a wand of flame (8)
Scrolls
 e - a scroll of noise {unknown}
 h - a scroll of revelation {unknown}
 l - a scroll of immolation {unknown}
 o - 2 scrolls of identify {unknown}
 p - a scroll of silence {unknown}
 r - 2 scrolls of teleportation {unknown}
Potions
 f - a potion of attraction {unknown}
 g - 2 potions of enlightenment {unknown}
 j - a potion of magic {unknown}
 k - a potion of mutation {unknown}
 m - a potion of lignification
 n - a potion of resistance {unknown}
 s - a potion of invisibility {unknown}


   Skills:
 + Level 1.8 Fighting
 + Level 0.6 Throwing
 - Level 2.0 Dodging
 + Level 3.4 Unarmed Combat
 + Level 0.5 Evocations
 * Level 3.7 Shapeshifting


You had 3 spell levels left.
You didn't know any spells.
Your spell library contained the following spells:

 Spells                   Type           Power      Damage    Failure   Level
 Apportation              Tloc           0%         N/A       32%         1
 Foxfire                  Conj/Fire      0%         2x1d4     32%         1
 Kiss of Death            Conj/Necr      0%         2d5       32%         1
 Necrotise                Necr           0%         1d4       32%         1
 Summon Small Mammal      Summ           0%         N/A       32%         1
 Ensorcelled Hibernation  Hex/Ice        0%         N/A       45%         2
 Lesser Beckoning         Tloc           0%         N/A       45%         2
 Passwall                 Tmut/Erth      0%         N/A       45%         2
 Confusing Touch          Hex            0%         N/A       69%         3
 Gell's Gravitas          Tloc           0%         N/A       69%         3
 Swiftness                Air            0%         N/A       69%         3
 Teleport Other           Tloc           0%         N/A       69%         3
 Dispel Undead            Necr           0%         3d6       97%         4
 Plasma Beam              Fire/Air       0%         2x1d10    100%        6
 Starburst                Conj/Fire      0%         6d3       100%        6


Dungeon Overview and Level Annotations

Branches:
Dungeon (3/15)

Altars:
Ru

Annotations:
D:3 Grinder


Innate Abilities, Weirdness & Mutations

You are a hulking beast.
Your limbs bulge with bestial killing power. (Slay +2)
You cannot wear most types of armour.
You are amphibious.
You can wear up to eight rings at the same time.
Your skin changes colour to match your surroundings (Stealth+).
Your rubbery body absorbs attacks. (AC +1, EV +1)
((You are camouflaged when in or above water. (Stealth+)))
You have tentacles for arms and can constrict up to eight enemies at once.


Message History

No target in view!
No target in view!
No target in view!
No target in view!
No target in view!
No target in view!
No target in view!
No target in view!
You pick up a book of Touch and begin reading...
You add the spells Kiss of Death, Confusing Touch and Dispel Undead to your library.
There is a stone staircase leading down here.
You pick up a book of Burglary and begin reading...
You add the spells Passwall, Ensorcelled Hibernation and Swiftness to your library.
Found an escape hatch in the ceiling.
You pick up a book of Cantrips and begin reading...
You add the spells Necrotise, Summon Small Mammal and Apportation to your library.
There is an open door here.
Grinder comes into view.
Grinder is nearby!
Grinder is nearby!
The helpless Grinder fails to defend herself.
You tentacle-slap Grinder but do no damage.
You grab Grinder.
You constrict Grinder, but do no damage.
Grinder gestures at you.
You suddenly lose the ability to move!
You lose your grip on Grinder.
Grinder hits you.
You writhe in agony.
Grinder hits you!
You writhe in agony.
You can move again.
Unknown command.
Throw: 4 darts (datura)
Press: ? - help, Q - select action, (/) - cycle Shift-Dir - straight line, f - Grinder
Aim: Grinder (52% to hit, chance to frenzy on hit: 3%)
You throw a datura-tipped dart.
The datura-tipped dart completely misses Grinder.
Grinder hits you!
* * * LOW HITPOINT WARNING * * *
You writhe in agony.
You die...
Grinder sighs, "Dead already?
I want a refund."

.(# #.# ... #.. #### #.#
<.######### #.# #.##......# ##
#5# #.#..####.# ..# #h#
###...## #.# #..#
####.####...### #.# ...
#.........#.### #.#
#.####.##..........# #.#
####....#.##..........# #.#
..........##......†...# ##.#
.######.####......>...####..#
..######.####..........##...##
.................).....##.###


You could see Grinder.

Vanquished Creatures
  An orc wizard (D:3)
  A dart slug (D:1)
  An orc (D:2)
  4 bats
  An endoplasm (D:2)
  3 giant cockroaches
  4 goblins (D:1)
  2 hobgoblins (D:1)
  A jackal (D:3)
  2 quokkas
  A ball python (D:1)
  2 frilled lizards (D:1)
  4 kobolds
  3 rats
30 creatures vanquished.

Notes
Turn   | Place    | Note
-------+----------+-------------------------------------------
     0 | D:1      | LeprechaunX the Octopode Shapeshifter began the quest for
                  | the Orb.
     0 | D:1      | Reached XP level 1. HP: 13/13 MP: 1/1
   231 | D:1      | Reached XP level 2. HP: 18/18 MP: 2/2
   277 | D:1      | Found a faded altar of an unknown god.
   884 | D:2      | Reached XP level 3. HP: 11/23 MP: 3/3
  1206 | D:3      | Found a sacrificial altar of Ru.
  1219 | D:3      | Reached XP level 4. HP: 24/29 MP: 4/4
  1222 | D:3      | Became a worshipper of Ru the Awakened
  1334 | D:3      | Noticed Grinder
  1337 | D:3      | Paralysed by Grinder for 3 turns
  1340 | D:3      | Slain by Grinder

Illustrated notes

Levels and vault maps discovered:
D:1:      grunt_arrival_lava_bath, layout_loops_ring,
          shapermc_ecumenical_altar_flowoftime, minmay_tromino_v4_a
D:2:      layout_basic, minmay_misc_feat_alley, hangedman_decor_peaks_small
D:3:      layout_rooms, nicolae_ru_great_annihilating_truth, uniq_grinder,
          uniq_robin

Action                     |  1- 3 |  4- 6 || total
---------------------------+-------+-------++-------
  Melee: Unarmed           |    76 |     4 ||    80
         Constrict         |    23 |     1 ||    24
         Tentacles         |    15 |       ||    15
         Punch             |     1 |     1 ||     2
  Throw: Dart              |       |     1 ||     1
   Stab: Sleeping          |     1 |     3 ||     4
         Paralysed         |     1 |       ||     1
 Armour: Skin              |    20 |     4 ||    24
  Dodge: Dodged            |    35 |       ||    35

Table legend: (Time is in decaauts)
 A = Elapsed time spent in this place.
 B = Non-inter-level travel time spent in this place.
 C = Inter-level travel time spent in this place.
 D = Time resting spent in this place.
 E = Time spent auto-exploring this place.
 F = Levels seen in this place.
 G = Mean time per level.
                   A        B        C        D        E       F      G
               +--------+--------+--------+--------+--------+-----+--------+
         Total |   1334 |   1266 |     68 |     65 |    969 |   3 |  444.7 |
       Dungeon |   1334 |   1266 |     68 |     65 |    969 |   3 |  444.7 |
               +--------+--------+--------+--------+--------+-----+--------+

Top non-repeatable levels by time:
     D:1: 723 daAuts
     D:2: 467 daAuts
     D:3: 142 daAuts
